AoeStats
← 蒙面可达鸭

Runestones

507961789Analyzed
1v1 RM · 13d ago on Sep 20, 2026· 32m 12s· 2 players
Game mode
Random Map
Map size
Tiny (2 player)
Population
200
Speed
Normal
Resources
Standard
Victory
Conquest
Starting age
Dark Age
Ending age
Imperial Age
RankedLock teamsTeams togetherTeam positionsShared explorationLock speedFull tech treeHidden civsTurbo modeCheats
Victory
Defeat
🇨🇳 Wei · China
1399
+13
🇹🇷 Koreans · Türkiye
1338
-13
蒙面可达鸭
7:04 Loom
9:37 Feudal Age
10:33 Double-Bit Axe
10:55 Horse Collar
20:35 Bloodlines
25:48 Castle Age
24:14 Gold Mining
25:14 Scale Barding Armor
25:50 Fletching
26:53 Wheelbarrow
27:07 Chain Barding Armor
28:14 Husbandry
31:56 Forging
Korean Haong
5:41 Loom
10:24 Feudal Age
16:42 Castle Age
15:50 Double-Bit Axe
29:32 Scale Mail Armor
29:38 Pikeman
Connection lost

Rejoining the realm…

Still unreachable

The connection could not be restored.

Session expired

The server has moved on; the page needs a fresh start.